Map: Newkirk Precinct TE (Void)

Players

Osvaldico - Winner!

  • Race: Zerg Zerg
  • League: Diamond
  • Spawn Location: 5:00

Musumeci

  • Race: Zerg Zerg
  • League: Diamond
  • Spawn Location: 7:00

VOD

Have the link to the VOD?

Description

Time

  • Played on: Dec. 28, 2016, 3:43 p.m.
  • Length: 3:31
Show
View Real Time Build Order
Export as new Build Order

Osvaldico Zerg - Winner!

Build Orders: Pool Only 

Get SALT Encoding   

  12  0:18  Spawning Pool  
  11  0:23  Drone  
  12  0:31  Drone x2  
  14  0:36  Extractor  
  13  0:44  Overlord  
  13  1:06  Zergling x4  
  13  1:08  Zergling x2  
  16  1:12  Queen  
  16  1:18  Zergling x2  
  19  1:30  Zergling x2  
  20  1:37  Metabolic Boost  
  20  1:42  Zergling x2  
  21  1:53  Zergling x2  
  22  1:58  Baneling Nest  
  21  2:12  Zergling x2  
  22  2:20  Zergling x2  
  21  2:30  Overlord  
  21  2:50  Baneling x2  
  21  3:10  Baneling x2  
  21  3:12  Drone x6  
Show
View Real Time Build Order
Export as new Build Order

Musumeci Zerg 

Build Orders: Hatch First 

Get SALT Encoding   

  12  0:02  Drone  
  13  0:09  Drone  
  14  0:18  Extractor  
  14  0:19  Drone  
  15  0:46  Hatchery  
  14  0:54  Drone, Extractor  
  15  1:02  Spawning Pool  
  14  1:05  Extractor  
  14  1:07  Extractor  
  14  1:11  Drone  
  13  1:15  Drone  
  15  1:26  Overlord  
  15  1:48  Spine Crawler  
  15  1:49  Queen  
  16  1:57  Baneling Nest  
  15  2:03  Zergling x2  
  10  2:24  Zergling x2  
  10  2:33  Drone  
  11  2:49  Baneling  
  11  2:50  Baneling  
  11  3:11  Zergling x8  
  14  3:14  Drone  
Tags
 
Add a new tag
Caveats
  • Supply blocks, unpowered buildings, or Contaminate may cause inaccurate times.
  • Supply counts are checked every 10 seconds.